 Dungeon Crawl Stone Soup version 0.26-a0-64-g059e62fbdb (webtiles) character file.

Game seed: 8347786118294647480

144 JohnDoe161 the Slasher (level 5, -3/39 HPs)
             Began as a Demonspawn Gladiator on June 9, 2020.
             Slain by Sigmund
             ... wielding a +0 scythe
              (5 damage)
             ... on level 3 of the Dungeon.
             The game lasted 00:03:20 (3116 turns).

JohnDoe161 the Slasher (Demonspawn Gladiator)       Turns: 3116, Time: 00:03:21

Health: -3/39      AC:  4    Str: 16    XL:     5   Next: 5%
Magic:  5/5        EV: 13    Int:  9    God:
Gold:   42         SH:  0    Dex: 14    Spells: 4/4 levels left

rFire    . . .     SeeInvis .   a - +0 long sword
rCold    . . .     Gourm    .   (no shield)
rNeg     . . .     Faith    .   b - +0 leather armour
rPois    .         Spirit   .   c - +0 helmet
rElec    .         Reflect  .   (no cloak)
rCorr    .         Harm     .   (no gloves)
MR       .....                  (no boots)
Stlth    +.........             (no amulet)
HPRegen  0.13/turn              (no ring)
MPRegen  0.09/turn              (no ring)

@: confused
A: powered by death 1
a: no special abilities


You were on level 3 of the Dungeon.
You were hungry.

You visited 1 branch of the dungeon, and saw 3 of its levels.

You collected 42 gold pieces.

Inventory:

Hand Weapons
 a - a +0 long sword (weapon)
Missiles
 d - 4 throwing nets (quivered)
Armour
 b - a +0 leather armour (worn)
 c - a +0 helmet (worn)
 k - a +0 chain mail
 s - a +0 tower shield
Jewellery
 p - an uncursed ring of see invisible {unknown}
 q - an uncursed ring of wizardry {unknown}
 w - a +6 ring of strength {unknown}
Wands
 t - a wand of iceblast (12)
Scrolls
 e - a scroll of teleportation {unknown}
 g - a scroll of identify {unknown}
 j - 2 scrolls of remove curse {unknown}
 l - 3 scrolls of enchant weapon {unknown}
 n - a scroll of noise {unknown}
 u - a scroll of fog {unknown}
Potions
 h - a potion of haste {unknown}
 i - a potion of degeneration {unknown}
 m - 2 potions of mutation {unknown}
 o - a potion of flight {unknown}
 r - a potion of might {unknown}
 v - a potion of lignification {unknown}
Comestibles
 f - 3 rations


   Skills:
 + Level 2.7 Fighting
 + Level 3.7 Long Blades
 + Level 2.3 Throwing
 + Level 1.5 Armour
 + Level 3.4 Dodging
 + Level 0.1 Stealth


You had 4 spell levels left.
You didn't know any spells.
Your spell library was empty.

Dungeon Overview and Level Annotations

Branches:
Dungeon (3/15)

Altars:
Elyvilon
Gozag
Zin
The Shining One

Annotations:
D:3 1 runed translucent door, Sigmund; temitten's ghost, amateur SpEn


Innate Abilities, Weirdness & Mutations

You regenerate a little health from kills.


Message History

You barely miss something. You miss something.
You hear some strange, mumbled words.
A magic dart appears from out of thin air!
The magic dart hits you. Something hits you.
* * * LOW HITPOINT WARNING * * *
Your leather armour prevents you from hitting something.
You closely miss something.
You hear some strange, mumbled words.
You are confused.
Something hits you.
* * * LOW HITPOINT WARNING * * *
You bump into the rock wall.
You miss something. Something hits you!
* * * LOW HITPOINT WARNING * * *
You bump into the rock wall.
Something hits you.
* * * LOW HITPOINT WARNING * * *
You bump into the rock wall.
You completely miss something. Something hits you.
You die...

#.######## #........#
########.# #######.#
#.......# ##
#.#####.####.##. #.##
#......... #.####..#
#.####.... #..{@..$# #.#
##. #..#+#..# #.# #.
#..##W##..# #.# #<
#..##...##..##.##### #.
#.##...?.##..#.....# #.
...#⌠.!♣%.⌠#..#####.###.
##.##...(.##.[..........
...##...##..#######.##.
#.###


You could see temitten's ghost.

Vanquished Creatures
  Ijyb (D:3)
  An orc wizard (D:3)
  Terence (D:3)
  2 adders
  A worm (D:2)
  3 dart slugs
  2 leopard geckos (D:1)
  4 orcs (D:3)
  3 giant cockroaches
  4 goblins
  7 hobgoblins
  2 jackals (D:3)
  2 kobolds
  A bat (D:1)
  2 frilled lizards
  3 rats (D:1)
39 creatures vanquished.

Notes
Turn   | Place    | Note
-------+----------+-------------------------------------------
     0 | D:1      | JohnDoe161 the Demonspawn Gladiator began the quest for the
                  | Orb.
     0 | D:1      | Reached XP level 1. HP: 16/16 MP: 1/1
   220 | D:1      | Gained mutation: You regenerate a little health from kills.
                  | [demonic ancestry]
   220 | D:1      | Reached XP level 2. HP: 18/22 MP: 2/2
   806 | D:2      | Reached XP level 3. HP: 26/27 MP: 3/3
  1308 | D:2      | Found a white marble altar of Elyvilon.
  1308 | D:2      | Found a glowing golden altar of the Shining One.
  1309 | D:2      | Found a glowing silver altar of Zin.
  1850 | D:3      | Noticed Terence
  2164 | D:3      | Noticed Ijyb
  2202 | D:3      | Killed Ijyb
  2202 | D:3      | Reached skill level 1 in Armour
  2202 | D:3      | Reached XP level 4. HP: 7/34 MP: 4/4
  2608 | D:3      | Killed Terence
  2866 | D:3      | Reached XP level 5. HP: 29/39 MP: 5/5
  2922 | D:3      | Found an opulent altar of Gozag.
  3098 | D:3      | Noticed temitten's ghost (amateur SpEn)
  3099 | D:3      | Found a runed translucent door.
  3100 | D:3      | Noticed Sigmund
  3116 | D:3      | Slain by Sigmund

Illustrated notes

Levels and vault maps discovered:
D:1:      lemuel_arrival_funnel, layout_rooms, grunt_decor_cap,
          minmay_misc_feat_enclosed
D:2:      layout_basic, good_gods_mini_temple, serial_co_window_serial,
          co_window_paths_a, co_window_paths_b, co_window_corner_a,
          co_window_of_opportunity_a, co_window_corner_a, co_window_paths_a,
          co_window_corner_a, co_window_paths_a, co_window_of_opportunity_a,
          co_window_paths_c, co_window_corner_cb, co_window_unsneaky_path_d,
          co_window_cross_3, co_window_corner_cb, glass_columns_a,
          glass_columns_b, glass_columns_b, glass_columns_c
D:3:      minmay_wonky_spiral, layout_loops_ring, marbit_many_paths,
          grunt_gozag_statues, hellmonk_ghost_happy_afterlife,
          serial_park_tiny_1, uniq_sigmund, uniq_terence, uniq_ijyb

Skill      XL: |  1  2  3 |
---------------+----------+-----
Dodging        | 3 |  3.4
Long Blades    | 3 |  3.7
Throwing       | 2 |  2.3
Armour         | 1 |  1.5
Fighting       | |  2.7
Stealth        | |  0.1

Action                   |  1- 3 |  4- 6 || total
-------------------------+-------+-------++-------
Melee: Long sword        |   115 |    68 ||   183
  Eat: Ration            |     1 |       ||     1
       Chunk             |       |     3 ||     3
Armor: Leather armour    |    27 |    12 ||    39
Dodge: Dodged            |    76 |    38 ||   114
       Rpst.: Long sword |    26 |    12 ||    38

Table legend:
 A = Non-vault XP
 B = Vault XP
 C = Vault XP percentage of total XP
 D = Non-vault monster count
 E = Vault monster count
 F = Vault count percentage of total count
                 A         B        C        D         E       F
            +---------+---------+-------+---------+---------+-------
      Total |     139 |      68 |  32.9 |      37 |       2 |   5.1
            +---------+---------+-------+---------+---------+-------
        D:1 |      35 |       0 |   0.0 |      17 |       0 |   0.0
        D:2 |      26 |       0 |   0.0 |       5 |       0 |   0.0
        D:3 |      78 |      68 |  46.6 |      15 |       2 |  11.8
            +---------+---------+-------+---------+---------+-------
